 Dungeon Crawl Stone Soup version 0.32-a0-18-g89e19f1974 (webtiles) character file.

Game seed: 11699260301342058482

640 zenocrate the Sneak (level 7, -2/32 HPs)
             Began as a Vine Stalker Enchanter on Jan 16, 2024.
             Was an Initiate of Gozag.
             Incinerated by a bombardier beetle (4 damage)
             ... with a burning spray
             ... on level 5 of the Dungeon.
             The game lasted 00:04:24 (3883 turns).

zenocrate the Sneak (Vine Stalker Enchanter)        Turns: 3883, Time: 00:04:24

Health: -2/32      AC:  8    Str: 10    XL:     7   Next: 51%
Magic:  0/11       EV: 18    Int: 15    God:    Gozag
Gold:   270        SH:  0    Dex: 17    Spells: 2/10 levels left

rFire   . . .        a - +1 dagger
rCold   . . .        (no shield)
rNeg    . . .        r - +0 robe
rPois   .            (no helmet)
rElec   .            s - +0 cloak
rCorr   .            j - +0 pair of gloves
SInv    .            (no boots)
Will    +....        (no amulet)
Stlth   ++           h - +5 ring of evasion
HPRegen 1.05/turn    k - +4 ring of protection
MPRegen 0.12/turn

%: guardian spirit
@: on fire, enlightened, flying, glowing
A: fangs 2, regeneration 1, magic shield, antimagic bite, no potion heal 2
a: Renounce Religion, Potion Petition, Call Merchant, Bribe Branch


You were on level 5 of the Dungeon.
You worshipped Gozag.
Gozag was aware of your devotion.
You visited 2 branches of the dungeon, and saw 7 of its levels.

You collected 368 gold pieces.
You paid 98 gold pieces to Gozag.

Inventory:

Hand Weapons
 a - a +1 dagger (weapon)
 b - a +0 rapier
Missiles
 m - a throwing net (quivered)
Armour
 j - a +0 pair of gloves (worn)
 r - a +0 robe (worn)
 s - a +0 cloak (worn)
Jewellery
 h - a +5 ring of evasion (left hand)
 k - a +4 ring of protection (right hand)
Scrolls
 d - a scroll of teleportation {unknown}
 e - a scroll of summoning {unknown}
 f - a scroll of poison {unknown}
 g - 2 scrolls of silence
 n - a scroll of enchant armour {unknown}
 o - 2 scrolls of blinking {unknown}
 q - a scroll of enchant weapon {unknown}
 t - 2 scrolls of fear {unknown}
 w - a scroll of immolation {unknown}
Potions
 c - 2 potions of invisibility
 i - a potion of mutation
 l - a potion of haste {unknown}
 p - a potion of cancellation
 u - a potion of enlightenment
 v - a potion of degeneration {unknown}


   Skills:
 + Level 3.5 Short Blades
 + Level 1.4 Armour
 + Level 3.1 Dodging
 + Level 5.6 Stealth
 - Level 2.1 Spellcasting
 + Level 4.3 Hexes
 + Level 2.7 Ice Magic


You had 2 spell levels left.
You knew the following spells:

 Your Spells              Type           Power      Damage    Failure   Level
a - Ensorcelled Hibernat  Hex/Ice        24%        N/A       8%          2
b - Confusing Touch       Hex            14%        N/A       11%         3
c - Tukima's Dance        Hex            14%        N/A       11%         3

Your spell library contained the following spells:

 Spells                   Type           Power      Damage    Failure   Level
 Call Imp                 Summ           2%         N/A       32%         2
 Sublimation of Blood     Necr           1%         N/A       32%         2
 Ozocubu's Armour         Ice            9%         N/A       22%         3
 Dazzling Flash           Conj/Hex       16%        N/A       26%         3
 Metabolic Englaciation   Hex/Ice        6%         N/A       80%         5
 Leda's Liquefaction      Alch/Erth      0%         N/A       91%         4
 Lee's Rapid Deconstruct  Erth           0%         3d4*      99%         5
 Bombard                  Conj/Erth      0%         9d1       100%        6
 Sculpt Simulacrum        Ice/Alch       2%         N/A       100%        6
 Summon Hydra             Summ           0%         N/A       100%        7


Dungeon Overview and Level Annotations

Branches:
Dungeon (6/15)             Temple (1/1) D:4

Altars:
Ashenzari
Cheibriados
Dithmenos
Elyvilon
Gozag
Hepliaklqana
Makhleb
Okawaru
Qazlal
Sif Muna
Vehumet
Zin
The Shining One

Annotations:
D:6 Jeremiah


Innate Abilities, Weirdness & Mutations

You have extremely sharp teeth.
Your natural rate of healing is unusually fast.
When hurt, damage is shared between your health and your magic reserves.
Your bite disrupts and absorbs the magic of your enemies.
Potions cannot restore your health.


Message History

The liquid fire burns you!
* * * LOW HITPOINT WARNING * * *
The orc wizard hits you but does no damage.
The orc barely misses you.
Unknown command.
You bump into the rock wall.
The liquid fire burns you!
* * * LOW HITPOINT WARNING * * *
You feel less confused. The orc wizard barely misses you.
The orc hits you from afar with a +0 trident.
* * * LOW HITPOINT WARNING * * *
Unknown command.
You barely miss the orc wizard. You bite the orc wizard.
The orc wizard's magic leaks into the air.
You drain its magic.
You feel invigorated.
The orc wizard is moderately wounded.
The liquid fire burns you!
* * * LOW HITPOINT WARNING * * *
The orc wizard hits you but does no damage.
The orc completely misses you.
Casting: Ensorcelled Hibernation (safe; 8% risk of failure)
Confirm with . or Enter, or press ? or * to list all spells.
Aiming: Ensorcelled Hibernation (safe; 8% risk of failure)
Press: ? - help, Shift-Dir - straight line, f - bombardier beetle
Aim: a bombardier beetle (chance to affect: 46%)
The bombardier beetle resists with some effort.
The liquid fire burns you!
* * * LOW HITPOINT WARNING * * *
The orc closely misses you. The orc wizard closely misses you.
Unknown command.
Casting: Ensorcelled Hibernation (safe; 8% risk of failure)
Confirm with . or Enter, or press ? or * to list all spells.
Aiming: Ensorcelled Hibernation (safe; 8% risk of failure)
Press: ? - help, Shift-Dir - straight line, f/p - bombardier beetle
Aim: a bombardier beetle (chance to affect: 46%)
The bombardier beetle resists with some effort.
The liquid fire burns you!
You die...
Your body crumbles into a pile of gold.

###########
#.......<.#
#.....>.o.#
#......oB@#
####.$.#####
#.!.$### .
##.#$$# . #.....#
................
##..............
#..............
#................


You could see a bombardier beetle, an orc wizard (magic disrupted) and an orc.

Vanquished Creatures
  Sigmund (D:2)
  A water moccasin (D:5)
  A phantom (D:5)
  2 hounds
  2 orc priests (D:3)
  An iguana (D:4)
  4 gnolls (D:2)
  5 adders
  A ribbon worm (D:4)
  8 orcs
  3 bats
  4 endoplasms
  3 giant cockroaches
  8 goblins
  4 hobgoblins
  4 jackals (D:4)
  4 quokkas
  7 ball pythons
  4 frilled lizards
  4 kobolds
  7 rats
78 creatures vanquished.

Notes
Turn   | Place    | Note
-------+----------+-------------------------------------------
     0 | D:1      | zenocrate the Vine Stalker Enchanter began the quest for
                  | the Orb.
     0 | D:1      | Reached XP level 1. HP: 9/9 MP: 4/4
   330 | D:1      | Reached skill level 1 in Short Blades
   381 | D:1      | Reached XP level 2. HP: 13/13 MP: 4/6
   403 | D:1      | Learned a level 2 spell: Ensorcelled Hibernation
   952 | D:2      | Reached skill level 4 in Stealth
  1003 | D:2      | Reached XP level 3. HP: 16/16 MP: 7/7
  1007 | D:2      | Learned a level 3 spell: Confusing Touch
  1018 | D:2      | Reached XP level 4. HP: 21/21 MP: 4/8
  1026 | D:2      | Reached skill level 1 in Ice Magic
  1208 | D:2      | Noticed Sigmund
  1215 | D:2      | Killed Sigmund
  1216 | D:2      | Reached XP level 5. HP: 24/24 MP: 6/9
  1216 | D:2      | Reached XP level 6. HP: 28/28 MP: 6/10
  1571 | D:2      | Learned a level 3 spell: Tukima's Dance
  1675 | D:3      | Found a radiant altar of Vehumet.
  1713 | D:3      | You fall into a shaft and drop 3 floors!
  1801 | D:6      | Found a broken altar of Ashenzari.
  1939 | D:6      | Noticed Jeremiah
  1959 | D:5      | Entered Level 5 of the Dungeon
  1961 | D:5      | Reached skill level 5 in Stealth
  2010 | D:5      | Noticed a black bear
  2143 | D:3      | Reached XP level 7. HP: 32/32 MP: 0/11
  2216 | D:3      | Reached skill level 1 in Armour
  2981 | D:4      | Found a staircase to the Ecumenical Temple.
  3033 | Temple   | Entered the Ecumenical Temple
  3078 | Temple   | Became a worshipper of Gozag Ym Sagoz the Greedy
  3882 | D:5      | HP: 1/32 [burnt (3)]
  3883 | D:5      | Incinerated by a bombardier beetle

Illustrated notes

Levels and vault maps discovered:
D:1:      dpeg_arrival_water_temple_mockup, layout_basic, solitary_fountain
D:2:      layout_loops_ring, uniq_sigmund
D:3:      layout_loops_cross, vehumet_crystals, minivault_11,
          guppyfry_early_orc_mine
D:4:      layout_loops_ring, minmay_temple_entry_offerings,
          chequers_serial_rivers_small_b
D:5:      layout_rooms, trog_three_pillars_becter
D:6:      layout_basic, nicolae_ashenzari_panopticon, serial_shops,
          nicolae_shop_hallway_plus, nicolae_kite_square_tiling_tiny,
          kennysheep_generic_room_12, uniq_jeremiah
Temple:   minmay_temple_curvy_loop

Skill      XL: |  1  2  3  4  5  6  7 |
---------------+----------------------+-----
Short Blades   | 1 2 3 |  3.5
Stealth        | 4 5 |  5.6
Dodging        | 2 3 |  3.1
Ice Magic      | 1 2 |  2.7
Hexes          | 4 |  4.3
Armour         | 1 |  1.4
Spellcasting   | |  2.1

Action                     |  1- 3 |  4- 6 |  7- 9 || total
---------------------------+-------+-------+-------++-------
  Melee: Dagger            |    39 |    46 |    85 ||   170
         Bite              |     5 |    13 |    20 ||    38
         Punch             |     1 |     1 |       ||     2
   Cast: Ensorcelled Hiber |     4 |    19 |    28 ||    51
    Use: Scroll            |       |       |     4 ||     4
         Potion            |       |       |     1 ||     1
   Stab: Sleeping          |     8 |    18 |    17 ||    43
 Armour: Robe              |    14 |    20 |    30 ||    64
  Dodge: Dodged            |    17 |    41 |    83 ||   141

Table legend: (Time is in decaauts)
 A = Elapsed time spent in this place.
 B = Non-inter-level travel time spent in this place.
 C = Inter-level travel time spent in this place.
 D = Time resting spent in this place.
 E = Time spent auto-exploring this place.
 F = Levels seen in this place.
 G = Mean time per level.
                   A        B        C        D        E       F      G
               +--------+--------+--------+--------+--------+-----+--------+
         Total |   3859 |   3645 |    214 |     15 |   2972 |   7 |  551.3 |
       Dungeon |   3766 |   3640 |    126 |     15 |   2972 |   6 |  627.7 |
        Temple |     93 |      5 |     88 |      0 |      0 |   1 |   93.0 |
               +--------+--------+--------+--------+--------+-----+--------+

Top non-repeatable levels by time:
     D:3: 935 daAuts
     D:4: 897 daAuts
     D:1: 834 daAuts
     D:2: 745 daAuts
     D:6: 244 daAuts
     D:5: 108 daAuts
  Temple: 93 daAuts
